 Dungeon Crawl Stone Soup version 0.28.0-45-g0d030f2227 (webtiles) character file.

Game seed: 15011317378459857749

55 zeratav the Insei (level 3, -1/24 HPs)
             Began as an Octopode Transmuter on Apr 5, 2022.
             Slain by a kobold
             ... wielding a +0 dagger
              (3 damage)
             ... on level 2 of the Dungeon.
             The game lasted 00:02:00 (1624 turns).

zeratav the Insei (Octopode Transmuter)             Turns: 1624, Time: 00:02:00

Health: -1/24      AC:  1    Str: 11    XL:     3   Next: 93%
Magic:  6/6        EV: 13    Int: 15    God:
Gold:   62         SH:  0    Dex: 12    Spells: 5/6 levels left

rFire   . . .      SeeInvis .     - Unarmed
rCold   . . .      Faith    .   (no shield)
rNeg    . . .      Spirit   .   (helmet restricted)
rPois   .          Reflect  .   (no amulet)
rElec   .          Harm     .   (no ring)
rCorr   .          Rampage  .   (no ring)
Will    .....                   (no ring)
Stlth   ++........              (no ring)
HPRegen 0.08/turn               (no ring)
MPRegen 0.10/turn               (no ring)
                                (no ring)
                                (no ring)

@: no status effects
A: almost no armour, amphibious, 8 rings, camouflage 1, gelatinous body 1,
(nimble swimmer 1), tentacles
a: no special abilities


You were on level 2 of the Dungeon.
You visited 1 branch of the dungeon, and saw 2 of its levels.

You collected 62 gold pieces.

Inventory:

Hand Weapons
 c - a +0 hunting sling
Missiles
 f - 15 sling bullets
Scrolls
 a - a scroll of summoning {unknown}
 b - a scroll of identify {unknown}
 d - a scroll of immolation {unknown}
 g - a scroll of fear {unknown}
 h - a scroll of vulnerability {unknown}
Potions
 e - a potion of mutation {unknown}


   Skills:
 * Level 2.0 Fighting
 + Level 2.3 Dodging
 * Level 3.4 Unarmed Combat
 + Level 2.2 Spellcasting
 + Level 2.4 Transmutations
 + Level 0.4 Ice Magic


You had 5 spell levels left.
You knew the following spells:

 Your Spells              Type           Power      Damage    Failure   Level
a - Beastly Appendage     Tmut           16%        N/A       9%          1

Your spell library contained the following spells:

 Spells                   Type           Power      Damage    Failure   Level
 Wereblood                Tmut           8%         N/A       12%         2
 Summon Small Mammal      Summ           4%         N/A       22%         1
 Spider Form              Tmut/Pois      5%         N/A       36%         3
 Call Canine Familiar     Summ           1%         N/A       54%         3
 Summon Guardian Golem    Hex/Summ       1%         N/A       54%         3
 Ice Form                 Ice/Tmut       6%         N/A       75%         4


Dungeon Overview and Level Annotations

Branches:
Dungeon (2/15)

Altars:


Innate Abilities, Weirdness & Mutations

You cannot wear most types of armour.
You are amphibious.
You can wear up to eight rings at the same time.
Your skin changes colour to match your surroundings (Stealth+).
Your rubbery body absorbs attacks. (AC +1, EV +1)
((You are camouflaged when in or above water. (Stealth+)))
You have tentacles for arms and can constrict up to eight enemies at once.


Message History

You kill the goblin!
The kobold hits you with a +0 dagger.
Your Fighting skill increases to level 2!
You tentacle-slap the rat. Your grab misses the rat.
Your tentacle spike misses the rat.
The rat is heavily wounded.
The kobold hits you but does no damage. The rat completely misses you.
You barely miss the rat. You grab the rat.
The rat is heavily wounded.
You constrict the rat.
You kill the rat!
The kobold barely misses you.
You tentacle-slap the endoplasm but do no damage.
Your tentacle spike disappears.
The kobold hits you with a +0 dagger. The endoplasm closely misses you.
You tentacle-slap the endoplasm.
The endoplasm is lightly wounded.
The kobold hits you with a +0 dagger. The endoplasm freezes you.
You are frozen.
You tentacle-slap the endoplasm.
The endoplasm is lightly wounded.
The kobold barely misses you. The endoplasm closely misses you.
You tentacle-slap the endoplasm.
The endoplasm is severely wounded.
The kobold hits you with a +0 dagger.
* * * LOW HITPOINT WARNING * * *
The endoplasm barely misses you.
You tentacle-slap the endoplasm.
The endoplasm is almost dead.
The kobold hits you with a +0 dagger.
* * * LOW HITPOINT WARNING * * *
The endoplasm barely misses you.
You tentacle-slap the endoplasm.
You kill the endoplasm!
The bat barely misses you. The kobold hits you with a +0 dagger.
* * * LOW HITPOINT WARNING * * *
You closely miss the kobold. Your grab misses the kobold.
The bat closely misses you. The kobold hits you with a +0 dagger.
You die...

.#
#.#.......#....#..
.# # ..
#.#####.##########
##.#### #..
#...............
'......
..##.#####.########
##.#### #....# #.#
# # # #.#..## #.# #
..#.#$(...# #.#
......)K#.####.#
##J. #gb@......#
..... #.###.....#
...#.
....:....(#.#.#.#
.....
#.#...#.###...#.#
..... ##.##..
..###.# ###.. ..g
...#.## #.# # ..#
....) #.# .#. .#.#.
#.# . #. ..


You could see a goblin, a bat and a kobold.

Vanquished Creatures
  2 adders (D:2)
  A dart slug (D:1)
  5 ball pythons
  3 endoplasms
  3 giant cockroaches (D:1)
  3 goblins
  3 hobgoblins
  5 kobolds
  A quokka (D:1)
  2 bats (D:1)
  A frilled lizard (D:1)
  6 rats
35 creatures vanquished.

Notes
Turn   | Place    | Note
-------+----------+-------------------------------------------
     0 | D:1      | zeratav the Octopode Transmuter began the quest for the
                  | Orb.
     0 | D:1      | Reached XP level 1. HP: 13/13 MP: 3/3
   145 | D:1      | Reached XP level 2. HP: 18/18 MP: 3/5
   745 | D:1      | Found a faded altar of an unknown god.
  1098 | D:2      | Reached XP level 3. HP: 24/24 MP: 4/6
  1624 | D:2      | Slain by a kobold

Illustrated notes

Levels and vault maps discovered:
D:1:      dpeg_arrival_shrine, layout_basic, chequers_ecumenical_altar_island,
          minmay_tetromino_o2
D:2:      layout_basic, minmay_fractal_squares_5

Skill      XL: |  1  2  3 |
---------------+----------+-----
Fighting       | 2 |  2.0
Dodging        | |  2.3
Unarmed Combat | |  3.4
Spellcasting   | |  2.2
Transmutations | |  2.4
Ice Magic      | |  0.4

Action                   || total
-------------------------++-------
Melee: Unarmed           ||    71
       Kick              ||    12
       Tentacles         ||    14
       Constrict         ||    13
       Punch             ||     1
 Cast: Beastly Appendage ||    15
 Stab: Sleeping          ||     5
Armor: Skin              ||     4
Dodge: Dodged            ||    39
